Map: Goldenaura LE

Players

gorre - Winner!

  • Race: Terran Terran
  • League: Diamond
  • Spawn Location: 12:00

demzi

  • Race: Zerg Zerg
  • League: Platinum
  • Spawn Location: 5:00

VOD

Have the link to the VOD?

Description

Time

  • Played on: March 24, 2024, 11:12 a.m.
  • Length: 8:33
Show
View Real Time Build Order
Export as new Build Order

gorre Terran - Winner!

Build Orders:  

Get SALT Encoding   

  12  0:00  SCV  
  13  0:12  SCV  
  14  0:19  Supply Depot  
  14  0:24  SCV  
  15  0:31  Refinery  
  15  0:42  Barracks  
  15  0:44  SCV  
  16  0:56  SCV  
  17  1:07  Barracks  
  17  1:12  SCV  
  18  1:21  Refinery  
  18  1:24  SCV  
  19  1:29  Reaper  
  20  1:39  Orbital Command  
  20  1:56  Reaper, Supply Depot  
  21  2:04  Reaper  
  21  2:06  SCV  
  23  2:28  Reaper  
  23  2:29  Command Center  
  24  2:36  SCV  
  24  2:37  Reaper  
  26  3:11  Marine x2  
  28  3:15  SCV  
  28  3:19  Factory  
  29  3:27  SCV  
  30  3:39  SCV  
  31  3:55  Marine x2  
  31  4:12  Marine  
  32  4:17  Starport  
  32  4:19  Starport  
  32  4:21  Orbital Command  
  32  4:22  SCV  
  33  4:24  Factory Reactor  
  33  4:32  Refinery  
  33  4:34  SCV  
  33  4:46  SCV, Marine x2  
  33  4:47  SCV  
  37  4:53  Bunker  
  37  4:58  SCV  
  37  4:59  SCV  
  39  5:02  Fusion Core  
  39  5:04  Starport Tech Lab  
  39  5:09  Starport Tech Lab  
  39  5:11  SCV x2  
  41  5:14  Refinery  
  41  5:23  SCV x2  
  43  5:34  Supply Depot  
  43  5:35  SCV x2  
  44  5:36  Supply Depot  
  45  5:47  SCV  
  46  5:56  Battlecruiser, SCV  
  53  5:58  Battlecruiser  
  53  6:00  Supply Depot  
  53  6:04  Command Center  
  59  6:05  Hellion  
  61  6:13  Weapon Refit  
  61  6:15  SCV  
  62  6:22  Hellion, SCV  
  62  6:24  Supply Depot  
  65  6:27  SCV  
  65  6:30  Hellion  
  68  6:34  SCV  
  68  6:39  SCV  
  70  6:44  Hellion  
  70  6:46  Supply Depot, SCV  
  73  6:51  SCV  
  74  6:54  Supply Depot  
  74  6:58  SCV  
  74  7:00  Battlecruiser  
  81  7:09  Supply Depot  
  85  7:50  Orbital Command  
  85  7:51  Armory  
  85  7:52  Hellion x2, Armory  
  95  8:18  Engineering Bay  
Show
View Real Time Build Order
Export as new Build Order

demzi Zerg 

Build Orders: Hatch First 

Get SALT Encoding   

  12  0:00  Drone  
  13  0:12  Overlord  
  13  0:17  Drone  
  14  0:30  Drone x2  
  16  0:49  Hatchery  
  15  0:52  Drone  
  15  0:56  Drone  
  17  1:01  Drone  
  18  1:08  Drone, Extractor  
  18  1:20  Spawning Pool  
  18  1:25  Drone  
  18  1:28  Drone  
  19  1:38  Drone  
  20  1:49  Overlord  
  20  2:06  Queen  
  20  2:07  Queen  
  24  2:09  Zergling x4  
  24  2:15  Drone x2  
  28  2:22  Drone  
  29  2:34  Hatchery  
  26  2:52  Zergling x4  
  26  2:55  Drone x3  
  26  2:56  Drone  
  32  3:02  Pneumatized Carapace  
  32  3:06  Zergling x4  
  32  3:07  Metabolic Boost  
  32  3:16  Zergling x6  
  32  3:25  Queen  
  33  3:29  Zergling x2  
  32  3:35  Zergling x4  
  32  3:46  Zergling x2  
  32  3:47  Zergling x6  
  33  4:00  Queen  
  32  4:10  Drone x4  
  32  4:15  Drone x2  
  38  4:17  Zergling x2  
  39  4:27  Queen  
  41  4:33  Overlord  
  39  4:45  Drone x3  
  42  4:57  Overlord x2  
  42  4:59  Lair  
  42  5:01  Drone  
  42  5:02  Drone  
  42  5:04  Drone  
  45  5:12  Drone x4  
  49  5:18  Drone x2  
  49  5:19  Drone  
  49  5:20  Drone  
  53  5:23  Overlord  
  53  5:27  Overlord  
  53  5:31  Drone  
  53  5:32  Drone  
  53  5:33  Drone  
  56  5:42  Drone, Evolution Chamber x2  
  56  5:43  Drone, Baneling Nest  
  56  5:45  Drone  
  56  5:51  Extractor  
  56  5:52  Drone  
  56  5:53  Drone x3, Extractor  
  56  5:54  Drone  
  56  5:56  Drone  
  60  5:57  Drone  
  60  5:59  Zergling x2  
  60  6:00  Zergling x2  
  60  6:01  Zergling x2  
  60  6:03  Zergling x2  
  65  6:14  Zerg Melee Weapons Level 1  
  65  6:15  Zerg Ground Armor Level 1  
  65  6:19  Drone x6  
  65  6:20  Drone  
  65  6:21  Drone  
  73  6:28  Hydralisk Den  
  73  6:29  Centrifugal Hooks  
  73  6:32  Drone  
  73  6:33  Drone x2, Extractor  
  73  6:34  Extractor, Drone  
  73  6:35  Drone  
  73  6:37  Drone  
  73  6:38  Drone  
  78  6:40  Drone x2  
  78  6:42  Drone  
  80  6:59  Zergling x2, Hatchery  
  80  7:00  Zergling x4  
  82  7:02  Overlord x4  
  82  7:12  Muscular Augments  
  72  7:24  Spore Crawler  
  72  7:29  Hydralisk  
  71  7:30  Hydralisk x5  
  68  7:45  Hydralisk  
  60  8:04  Hydralisk x2  
  46  8:17  Spore Crawler  
Tags
 
Matchup
TvZ
Replay Pack
Multiplayer
Spawn Locations
Cross Positions
Add a new tag
Caveats
  • Supply blocks, unpowered buildings, or Contaminate may cause inaccurate times.
  • Supply counts are checked every 10 seconds.